 Dungeon Crawl Stone Soup version 0.28.0-43-g3370ac3207 (webtiles) character file.

Game seed: 4316824727044359774

1397 H0rd4k the Thaumaturge (level 8, -3/42 HPs)
             Began as a Deep Elf Hedge Wizard on Mar 17, 2022.
             Slain by a centaur warrior zombie (10 damage)
             ... on level 7 of the Dungeon.
             The game lasted 00:07:47 (8734 turns).

H0rd4k the Thaumaturge (Deep Elf Hedge Wizard)      Turns: 8734, Time: 00:07:47

Health: -3/42      AC:  2    Str:  7    XL:     8   Next: 41%
Magic:  23/24      EV: 13    Int: 22    God:
Gold:   314        SH:  0    Dex: 14    Spells: 19/28 levels left

rFire   . . .      SeeInvis .   v - staff of poison
rCold   . . .      Faith    .   (no shield)
rNeg    . . .      Spirit   .   b - +0 robe
rPois   +          Reflect  .   c - +0 hat
rElec   .          Harm     .   (no cloak)
rCorr   .          Rampage  .   (no gloves)
Will    .....                   (no boots)
Stlth   ++........              y - amulet of magic regeneration
HPRegen 0.14/turn               (no ring)
MPRegen 0.59/turn               (no ring)

@: no status effects
A: no striking features
a: no special abilities


You were on level 7 of the Dungeon.
You visited 2 branches of the dungeon, and saw 8 of its levels.

You collected 314 gold pieces.

Inventory:

Hand Weapons
 h - a +2 dagger of venom
Armour
 b - a +0 robe (worn)
 c - a +0 hat (worn)
Magical Staves
 v - a staff of poison (weapon)
Jewellery
 t - an amulet of reflection
 y - an amulet of magic regeneration (around neck)
Wands
 q - a wand of iceblast (13)
 u - a wand of charming (5)
Scrolls
 e - a scroll of fear {unknown}
 j - 2 scrolls of enchant weapon {unknown}
 l - a scroll of brand weapon {unknown}
 o - 2 scrolls of noise {unknown}
 p - 4 scrolls of teleportation {unknown}
 s - 2 scrolls of holy word {unknown}
 x - a scroll of silence {unknown}
Potions
 a - a potion of might {unknown}
 d - 4 potions of flight
 f - a potion of brilliance {unknown}
 i - 4 potions of curing
 m - 2 potions of invisibility
 n - a potion of lignification {unknown}
 r - a potion of cancellation {unknown}
 w - a potion of heal wounds {unknown}


   Skills:
 + Level 0.8 Fighting
 + Level 3.3 Dodging
 - Level 2.4 Stealth
 + Level 0.1 Shields
 + Level 10.6 Spellcasting
 + Level 5.9 Conjurations
 + Level 1.1 Summonings
 + Level 1.3 Translocations
 + Level 2.1 Fire Magic
 + Level 2.3 Air Magic
 + Level 1.9 Poison Magic


You had 19 spell levels left.
You knew the following spells:

 Your Spells              Type           Power      Damage    Failure   Level
a - Magic Dart            Conj           100%       1d8       1%          1
b - Blink                 Tloc           34%        N/A       4%          2
c - Conjure Flame         Conj/Fire      29%        6-21      3%          3
d - Mephitic Cloud        Conj/Pois/Air  40%        N/A       4%          3

Your spell library contained the following spells:

 Spells                   Type           Power      Damage    Failure   Level
 Apportation              Tloc           34%        N/A       3%          1
 Summon Small Mammal      Summ           64%        N/A       3%          1
 Call Imp                 Summ           16%        N/A       5%          2
 Animate Skeleton         Necr           22%        N/A       6%          1
 Beastly Appendage        Tmut           22%        N/A       6%          1
 Pain                     Necr           44%        1d6       6%          1
 Slow                     Hex            44%        N/A       6%          1
 Wereblood                Tmut           11%        N/A       9%          2
 Spider Form              Tmut/Pois      23%        N/A       12%         3
 Confusing Touch          Hex            11%        N/A       17%         3
 Vampiric Draining        Necr           11%        2d6       17%         3
 Fireball                 Conj/Fire      14%        3d8       30%         5
 Starburst                Conj/Fire      14%        6d6       86%         6
 Ignition                 Fire           10%        3d5       100%        8


Dungeon Overview and Level Annotations

Branches:
Dungeon (7/15)             Temple (1/1) D:6

Altars:
Ashenzari
Cheibriados
Dithmenos
Fedhas
Hepliaklqana
Makhleb
Okawaru
Qazlal
Ru
Sif Muna
Uskayaw
Vehumet
Wu Jian
Xom
Yredelemnul
Zin
The Shining One

Shops:
D:2 [   D:5 *

Annotations:
D:5 exclusion: downstairs
D:7 Pikel


Message History

Aiming: Magic Dart (safe; 1% risk of failure)
Press: ? - help, Shift-Dir - straight line, f/p - centaur warrior zombie
Aim: a centaur warrior zombie (flame, severely damaged, 100% to hit)
The magic dart hits the centaur warrior zombie but does no damage.
The centaur warrior zombie is severely damaged.
The centaur warrior zombie is engulfed in blazing flames.
The centaur warrior zombie hits you.
* * * LOW HITPOINT WARNING * * *
The centaur warrior zombie kicks you.
* * * LOW HITPOINT WARNING * * *
The orc hits you with a +0 war axe.
* * * LOW HITPOINT WARNING * * *
Casting: Magic Dart (safe; 1% risk of failure)
Confirm with . or Enter, or press ? or * to list all spells.
You blink.
Pikel, Merchant of Souls comes into view.
He is wielding a +0 whip of flaming.
Found a stone staircase leading down.
The centaur warrior zombie is engulfed in blazing flames.
Unknown command.
Aiming: Iceblast
Press: ? - help, Shift-Dir - straight line, f/p - centaur warrior zombie
Aim: a centaur warrior zombie (almost destroyed)
The mass of ice explodes!
The iceblast engulfs the centaur warrior zombie!
The centaur warrior zombie partially resists.
The centaur warrior zombie is almost destroyed.
The iceblast engulfs the orc!!
You kill the orc!
Pikel shouts!
You hear a shout! x4; You hear a loud, deep croak!
Casting: Blink (safe; 4% risk of failure)
Confirm with . or Enter, or press ? or * to list all spells.
You are still too unstable to blink.
You feel better.
The centaur warrior zombie closely misses you.
The centaur warrior zombie barely misses you.
A lemure comes into view.
Pikel says, "You'll rot in Tartarus!"
You feel stable enough to blink again. The centaur warrior zombie hits you!
You die...

.....# ......
...... #...... .
........... ....
####...(# ....
.....#.......#
....
#.....@Z....#.....
#..###......#.....
###............
.##.....)........
5...K..<.ยง.....#
..5.#.........##
5>..####.##.#..#
##.5 ### ......
#.# .


You could see Pikel, a lemure and a centaur warrior zombie.

Vanquished Creatures
  A centaur zombie (D:6)
  3 sky beasts (D:5)
  An orc warrior (D:5)
  2 scorpions
  A wyvern skeleton (D:6)
  3 hounds
  A centaur skeleton (D:6)
  A bullfrog skeleton (D:5)
  4 iguanas
  Ijyb (D:5)
  An orc wizard (D:5)
  3 gnolls (D:6)
  6 adders
  A shadow imp (D:6)
  A white imp (D:6)
  An adder skeleton (D:4)
  5 worms
  A dart slug (D:1)
  9 orcs
  6 endoplasms
  4 giant cockroaches
  6 goblins
  11 hobgoblins
  3 quokkas
  8 ball pythons
  2 bats
  4 frilled lizards
  4 kobolds
  6 rats
100 creatures vanquished.

Vanquished Creatures (others)
  3 fungi (D:5)
  4 plants (D:2)
7 creatures vanquished.

Grand Total: 107 creatures vanquished

Notes
Turn   | Place    | Note
-------+----------+-------------------------------------------
     0 | D:1      | H0rd4k the Deep Elf Hedge Wizard began the quest for the
                  | Orb.
     0 | D:1      | Reached XP level 1. HP: 10/10 MP: 7/7
   425 | D:1      | Reached XP level 2. HP: 15/15 MP: 6/9
   510 | D:1      | Reached skill level 5 in Spellcasting
  1245 | D:1      | Found a faded altar of an unknown god.
  1364 | D:1      | Reached XP level 3. HP: 19/19 MP: 8/12
  1367 | D:1      | Learned a level 2 spell: Blink
  1371 | D:1      | Learned a level 3 spell: Conjure Flame
  1375 | D:1      | Learned a level 3 spell: Mephitic Cloud
  1762 | D:2      | Reached skill level 1 in Poison Magic
  2077 | D:2      | Found Voima's Antique Armour Boutique.
  2937 | D:3      | Reached XP level 4. HP: 24/24 MP: 10/13
  3157 | D:3      | Found a shadowy altar of Dithmenos.
  4116 | D:4      | Reached skill level 6 in Spellcasting
  4273 | D:4      | Found a snail-covered altar of Cheibriados.
  4553 | D:4      | Reached skill level 1 in Fire Magic
  4706 | D:4      | Reached XP level 5. HP: 28/28 MP: 8/15
  5204 | D:5      | Entered Level 5 of the Dungeon
  5234 | D:5      | Reached skill level 1 in Air Magic
  5398 | D:5      | Found a burning altar of Makhleb.
  5483 | D:5      | Noticed a sky beast
  5497 | D:5      | Noticed a sky beast
  5517 | D:5      | Killed a sky beast
  5518 | D:5      | Reached XP level 6. HP: 32/32 MP: 7/17
  5619 | D:5      | Killed a sky beast
  5620 | D:5      | Reached skill level 7 in Spellcasting
  5713 | D:5      | Found a glowing silver altar of Zin.
  5716 | D:5      | Found Zin's Purification Station.
  6260 | D:5      | Noticed Ijyb
  6276 | D:5      | Killed Ijyb
  6516 | D:5      | Found a radiant altar of Vehumet.
  6529 | D:5      | Reached skill level 8 in Spellcasting
  6529 | D:5      | Reached XP level 7. HP: 37/37 MP: 9/20
  7357 | D:6      | Reached skill level 9 in Spellcasting
  7426 | D:6      | Found a staircase to the Ecumenical Temple.
  7461 | Temple   | Entered the Ecumenical Temple
  8214 | D:6      | Reached skill level 5 in Conjurations
  8230 | D:5      | Reached XP level 8. HP: 42/42 MP: 8/23
  8522 | D:6      | Reached skill level 10 in Spellcasting
  8730 | D:7      | HP: 2/42 [orc/+0 war axe (4)]
  8731 | D:7      | Noticed Pikel
  8734 | D:7      | Slain by a centaur warrior zombie

Illustrated notes

Levels and vault maps discovered:
D:1:      evilmike_arrival_hilbert_curve, layout_loops_ring,
          hellmonk_ecumenical_altar_heavens_door
D:2:      layout_loops_corners, serial_shops, nicolae_shop_overgrown_old_shop
D:3:      minmay_door_path, layout_loops_corners,
          nicolae_dithmenos_through_a_glass_darkly, nicolae_wormholes
D:4:      layout_basic, mainiacjoe_overflow_paths, minmay_misc_feat_tower
D:5:      nicolae_BIG_FREAKIN_CUBE, layout_basic, mainiacjoe_overflow_boulevard,
          zin_purify, lemuel_crystal_altar, uniq_ijyb
D:6:      layout_loops_cross, temple_pool_b
D:7:      layout_cave_pools, kiku_gazebo_garden_becter, uniq_pikel
Temple:   nicolae_temple_x_marks_the_god

Skill      XL: |  1  2  3  4  5  6  7  8 |
---------------+-------------------------+-----
Spellcasting   | 5 6 8 9 10 | 10.6
Poison Magic   | 1 |  1.9
Conjurations   | 2 3 4 5 |  5.9
Fire Magic     | 1 2 |  2.1
Dodging        | 3 |  3.3
Air Magic      | 1 2 |  2.3
Fighting       | |  0.8
Stealth        | |  2.4
Shields        | |  0.1
Summonings     | |  1.1
Translocations | |  1.3

Action                   |  1- 3 |  4- 6 |  7- 9 || total
-------------------------+-------+-------+-------++-------
 Cast: Magic Dart        |   107 |   169 |    82 ||   358
       Mephitic Cloud    |       |     4 |     4 ||     8
       Conjure Flame     |       |     4 |     9 ||    13
       Blink             |       |       |     4 ||     4
Evoke: Wand              |       |       |     1 ||     1
  Use: Scroll            |       |       |     4 ||     4
       Potion            |       |       |     1 ||     1
Armor: Robe              |     1 |     1 |     4 ||     6
Dodge: Dodged            |    14 |    28 |    14 ||    56
Block: Other             |       |       |     4 ||     4
